 Dungeon Crawl Stone Soup version 0.30.0-10-gfe55d96785 (webtiles) character file.

Game seed: 6042769419977077909

4 FexLirch the Ducker (level 1, -2/10 HPs)
             Began as a Felid Chaos Knight on May 14, 2023.
             Was a Plaything of Xom.
             Constricted to death by Terence (6 damage)
             ... on level 2 of the Dungeon.
             The game lasted 00:01:32 (404 turns).

FexLirch the Ducker (Felid Chaos Knight)             Turns: 404, Time: 00:01:33

Health: -2/10      AC:  1    Str:  8    XL:     1   Next: 58%
Magic:  2/2        EV: 15    Int: 13    God:    Xom [..*...]
Gold:   33         SH:  0    Dex: 15    Spells: 0/0 levels left
                                        Lives:  0   Deaths: 0

rFire   + .          .
                       - Unarmed
rCold   . . .        (shield unavailable)
rNeg    . . .        (body armour unavailable)
rPois   .            (helmet unavailable)
rElec   .            (cloak unavailable)
rCorr   .            (gloves unavailable)
SInv    +            (boots unavailable)
Will    .....        (no amulet)
Stlth   +            d - ring of protection from fire
HPRegen 0.21/turn    (no ring)
MPRegen 0.08/turn

%: no passive effects
@: grasped by roots, constricted, quick
A: very small, claws 1, fangs 3, see invisible, speed 1, shaggy fur 1, stealthy
paws, no weapons or thrown items, no armour, multi-lived
a: Renounce Religion


You were on level 2 of the Dungeon.
You worshipped Xom.
You were a toy of Xom.
You visited 1 branch of the dungeon, and saw 2 of its levels.

You collected 33 gold pieces.

Inventory:

Jewellery
 d - a ring of protection from fire (left paw)
Scrolls
 b - 2 scrolls of noise {unknown}
 c - a scroll of fog {unknown}
Miscellaneous
 a - a piece from Xom's chessboard (13/15) (quivered)


   Skills:
 + Level 3.1 Fighting
 + Level 3.4 Dodging
 + Level 3.1 Unarmed Combat


You couldn't memorise any spells.
You didn't know any spells.
Your spell library contained the following spells:

 Spells                   Type           Power      Damage    Failure   Level
 Conjure Ball Lightning   Conj/Air       0%         3x3d6     100%        6
 Discord                  Hex            0%         N/A       100%        8
 Disjunction              Tloc           0%         N/A       100%        8


Dungeon Overview and Level Annotations

Branches:
Dungeon (2/15)

Altars:

Annotations:
D:2 Terence


Innate Abilities, Weirdness & Mutations

You have sharp claws.
You have razor-sharp teeth.
You have supernaturally acute eyesight. (SInv)
You cover ground quickly. (Speed+)
You are covered in fur. (AC +1)
Your paws help you pounce on unaware monsters.
You are incapable of wielding weapons or throwing items.
You cannot wear armour.
You gain extra lives every three experience levels.


Message History

You scratch the ball python but do no damage.
The ball python is moderately wounded.
The ball python misses you. The ball python constricts you.
* * * LOW HITPOINT WARNING * * *
You escape the ball python's grasp.
You swap places.
The ball python bites your butterfly.
Your butterfly dies!
Your butterfly disappears in a puff of smoke!
You swap places.
The ball python bites your butterfly.
Your butterfly dies!
Your butterfly disappears in a puff of smoke!
There is an escape hatch in the floor here.
The ball python closely misses your butterfly.
The ball python grabs your butterfly.
The ball python constricts your butterfly.
Your butterfly dies!
Your butterfly disappears in a puff of smoke!
You slide downwards.
The hatch slams shut behind you.
You start resting.
HP restored.
You open the door.
There is an open door here.
Found a stone staircase leading up.
Terence the Incautious comes into view.
He is wielding a +0 falchion, wearing a +2 scale mail of poison resistance and carrying a wand of roots (13).
Terence shouts!
You make a move on Xom's chessboard...
Terence resists with significant effort.
Xom smirks.
You detect items!
Terence zaps a wand.
The roots erupt in riotous growth!
The grasping roots grab you! The grasping roots constrict you.
Ouch! That really hurt!
You hear a bark! x3
You escape the roots grasp.
Terence zaps a wand.
The roots erupt in riotous growth!
The grasping roots grab you! The grasping roots constrict you.
Ouch! That really hurt!
You die...
Xom cackles wildly!

.... .# ∆... .#
.##..###.# .........#
.........# .##....<.#
.........# #########
.....##@.#####.......#
.............'.......#
............##.......#
.#....##.#####.......#
#.... #.. #.......#
...... #... #.......#
∆ ..... .@...
+.......+ .....
......#.......# ...#∆
#....###.......#


You could see Terence.

Vanquished Creatures
  2 goblins (D:1)
  A hobgoblin (D:1)
  A frilled lizard (D:1)
4 creatures vanquished.

Notes
Turn   | Place    | Note
-------+----------+-------------------------------------------
     0 | D:1      | FexLirch the Felid Chaos Knight began the quest for the
                  | Orb.
     0 | D:1      | Reached XP level 1. HP: 10/10 MP: 2/2
   254 | D:1      | XOM: cloud trail
   344 | D:1      | Found a faded altar of an unknown god.
   352 | D:1      | XOM: butterfly on damage
   401 | D:2      | Noticed Terence
   402 | D:2      | XOM: divination: detect items
   404 | D:2      | Constricted to death by Terence

Illustrated notes

Levels and vault maps discovered:
D:1:      psy_arrival_dodecagon, layout_rooms,
          hellmonk_ecumenical_altar_blasted, serial_park_tiny_2,
          kennysheep_small_spiral
D:2:      layout_basic, basic_altar, nicolae_titane, uniq_robin, uniq_terence

Action                     || total
---------------------------++-------
  Melee: Unarmed           ||    22
         Bite              ||     1
  Evoke: Piece from Xom's  ||     2
 Armour: Skin              ||     1
  Dodge: Dodged            ||    15
